 Dungeon Crawl Stone Soup version 0.16-a0-2839-gd16e107 (webtiles) character file.

53 Johnny the Firebug (level 3, 0/27 HPs)
             Began as a Demigod Fire Elementalist on Nov 29, 2014.
             Succumbed to poison (a potion of poison)
             ... on level 2 of the Dungeon.
             The game lasted 00:03:05 (1472 turns).

Johnny the Firebug (Demigod Fire Elementalist)      Turns: 1472, Time: 00:03:05

Health: 0/27       AC:  6    Str: 11    XL:     3   Next: 42%
Magic:  0/8        EV: 11    Int: 21    God:
Gold:   94         SH:  0    Dex: 16    Spells: 1 memorised, 5 levels left

rFire  . . .     SeeInvis .     e - +4 whip
rCold  . . .     Clarity  .     f - +0 leather armour
rNeg   . . .     SustAb   +     (no shield)
rPois  .         Gourm    .     p - +1 helmet
rElec  .         Spirit   .     (no cloak)
rCorr  .         Warding  .     (no gloves)
rMut   .         Stasis   .     g - +0 pair of boots (curse)
MR     .....                    (no amulet)
Stlth  ++........               (no ring)
                                (no ring)

@: lethally poisoned, hasted, very quick, not resistant to hostile enchantments,
unstealthy
A: sustain abilities
a: no special abilities


You were on level 2 of the Dungeon.
You were not hungry.

You visited 1 branch of the dungeon, and saw 2 of its levels.

You collected 94 gold pieces.

Inventory:

Hand weapons
 e - a +4 whip (weapon)
 k - a +2 vampiric spear
Armour
 f - a +0 leather armour (worn)
 g - a cursed +0 pair of boots (worn)
 p - a +1 helmet (worn)
Scrolls
 d - a scroll of immolation {unknown}
 h - 2 scrolls of identify {unknown}
 i - a scroll of teleportation {unknown}
 m - 2 scrolls of remove curse {unknown}
 n - a scroll of magic mapping {unknown}
 q - a scroll of random uselessness {unknown}
 s - a scroll of amnesia {unknown}
 t - a scroll of recharging {unknown}
Potions
 a - a potion of mutation {unknown}
 j - a potion of magic {unknown}
Books
 b - a book of Flames

   Spells                             Type                      Level
   a - Flame Tongue                   Conjuration/Fire             1
   b - Throw Flame                    Conjuration/Fire             2
   c - Conjure Flame                  Conjuration/Fire             3
   d - Inner Flame                    Hexes/Fire                   3
   e - Sticky Flame                   Conjuration/Fire             4
   f - Fireball                       Conjuration/Fire             5
Comestibles
 c - a bread ration
 r - 4 fruits


   Skills:
 + Level 0.5 Fighting
 + Level 0.3 Armour
 * Level 2.1 Dodging
 - Level 1.7 Stealth
 * Level 2.3 Spellcasting
 * Level 1.3 Conjurations
 * Level 3.1 Fire Magic


You had 5 spell levels left.
You knew the following spells:

 Your Spells              Type           Power        Failure   Level  Hunger
a - Flame Tongue          Conj/Fire      ##...        8%          1    #......


Dungeon Overview and Level Annotations

Branches:
Dungeon (2/15)


Innate Abilities, Weirdness & Mutations

Your attributes are resistant to harm.


Message History

The flame tongue hits the gnoll.
The gnoll is moderately wounded.
The gnoll barely misses you.
You hit the gnoll.
The gnoll is severely wounded.
The gnoll hits you from afar with a halberd!
The gnoll closely misses you.
Unknown command.
The gnoll barely misses you. The gnoll hits you but does no damage.
The gnoll closely misses you. x2
Drink which item? (? for menu, Esc to quit)
That liquid tasted very nasty...
You are lethally poisoned!
It was a potion of poison.
You feel sick.
The gnoll hits you from afar with a halberd of chopping!
* * * LOW HITPOINT WARNING * * *
x2 Unknown command.
Drink which item? (? for menu, Esc to quit)
You feel yourself speed up.
It was a potion of haste.
You die...

# . ### #.### ..#
...... ###.# #....
....# ......
####.#.# ########.
#@.#.#.# #......(.
##g#.#.###.######.
#g.g.............#
##g#.#............
#.#.#..#.........
#.#....#..####.##
.....#....# #...
##.#.##.##.# ####
#.#.##..... .


You could see 3 gnolls.

Vanquished Creatures
  Robin (D:2)
  A giant gecko (D:2)
  An ooze (D:1)
  A ball python (D:2)
  12 goblins
  5 hobgoblins
  8 bats
  3 giant newts
  4 kobolds (D:1)
  3 rats (D:2)
39 creatures vanquished.

Notes
Turn   | Place    | Note
--------------------------------------------------------------
     0 | D:1      | Johnny, the Demigod Fire Elementalist, began the quest for the Orb.
     0 | D:1      | Reached XP level 1. HP: 14/14 MP: 3/3
   260 | D:1      | Reached skill level 1 in Conjurations
   378 | D:1      | Reached XP level 2. HP: 18/20 MP: 5/5
   966 | D:2      | Noticed Robin
  1003 | D:2      | Reached skill level 3 in Fire Magic
  1175 | D:2      | Killed Robin
  1175 | D:2      | Reached XP level 3. HP: 20/27 MP: 3/8
  1471 | D:2      | HP: 1/27 [gnoll/halberd of chopping (3)]
  1472 | D:2      | Succumbed to poison (a potion of poison)

Action                   || total
-------------------------++-------
Melee: Whip              ||    74
       Unarmed           ||     1
 Cast: Flame Tongue      ||    28
  Use: Potion            ||     2
 Stab: Sleeping          ||     1
  Eat: Chunk             ||     2
